 Dungeon Crawl Stone Soup version 0.27.0-1-g7a089689b8 (webtiles) character file.

Game seed: 16490466139327464474

249 shoop the Magician (level 6, -4/42 HPs)
             Began as a Djinni Hedge Wizard on July 31, 2021.
             Was a Believer of Elyvilon.
             Slain by an orc priest (12 damage)
             ... on level 4 of the Dungeon.
             The game lasted 00:06:00 (4745 turns).

shoop the Magician (Djinni Hedge Wizard)            Turns: 4745, Time: 00:06:00

Health: -4/42      AC:  2    Str: 10    XL:     6   Next: 35%
Gold:   123        EV: 12    Int: 16    God:    Elyvilon [**....] SH:  0 Dex: 13

rFire    + + .     SeeInvis .   k - +2 short sword (venom)
rCold    x . .     Faith    .   (no shield)
rNeg     . . .     Spirit   .   b - +0 robe
rPois    ∞         Reflect  .   c - +0 hat
rElec    .         Harm     .   (no cloak)
rCorr    .         Rampage  .   (no gloves)
Will     .....                  (boots unavailable)
Stlth    ++........             (no amulet)
HPRegen  0.14/turn              (no ring)
MPRegen  0.00/turn              (no ring)

@: flying, very slightly contaminated
A: sickness immunity, fire resistance 2, cold vulnerability 1, float, innate
caster, hp casting, extra vitality 1
a: Renounce Religion, Lesser Healing, Heal Other, Divine Protection


You were on level 4 of the Dungeon.
You worshipped Elyvilon.
Elyvilon was pleased with you.
You visited 1 branch of the dungeon, and saw 4 of its levels.

You collected 156 gold pieces.
You spent 33 gold pieces at shops.

Inventory:

Hand Weapons
 a - a +0 dagger
 h - a +0 spear
 k - a +2 short sword of venom (weapon)
Armour
 b - a +0 robe (worn)
 c - a +0 hat (worn)
Scrolls
 e - a scroll of blinking {unknown}
 f - a scroll of vulnerability {unknown}
 i - 2 scrolls of identify {unknown}
 j - 6 scrolls of teleportation
Potions
 d - 3 potions of curing
 g - a potion of attraction {unknown}
 l - 3 potions of flight {unknown}
 m - a potion of brilliance {unknown}


   Skills:
 - Level 1.0 Fighting
 - Level 2.0 Short Blades
 - Level 2.2 Dodging
 - Level 2.0 Stealth
 * Level 4.3 Spellcasting
 + Level 1.4 Invocations


You couldn't memorise any spells.
You knew the following spells:

 Your Spells              Type           Power      Damage    Failure   Level
a - Magic Dart            Conj           68%        1d6       2%          1
b - Blink                 Tloc           N/A        N/A       4%          2
c - Call Imp              Summ           17%        N/A       4%          2
d - Slow                  Hex            17%        N/A       4%          2
e - Conjure Flame         Conj/Fire      17%        6-21      9%          3
f - Mephitic Cloud        Conj/Pois/Air  17%        N/A       9%          3
g - Summon Small Mammal   Summ           68%        N/A       2%          1
h - Corpse Rot            Necr/Air       N/A        N/A       4%          2
Your spell library was empty.

Dungeon Overview and Level Annotations

Branches:
Dungeon (4/15)
 Temple: D:4-7

Altars:
Elyvilon
Makhleb
Yredelemnul

Shops:
D:1 =   D:2 ?

Annotations:
D:4 Menkaure


Innate Abilities, Weirdness & Mutations

You are immune to sickness and miasma.
You are immune to poison.
Your flesh is very heat resistant. (rF++)
You are vulnerable to cold. (rC-)
You float through the air rather than walking.
You learn spells naturally, not from books.
Your magical power is your life essence.
You have superior vitality. (+4 HP)


Message History

The orc priest closely misses you.
You barely miss the orc priest.
The orc priest is moderately wounded.
The orc priest hits you with a +0 war axe.
* * * LOW HITPOINT WARNING * * *
Unknown command.
Casting: Magic Dart (safe; 2% risk of failure)
Confirm with . or Enter, or press ? or * to list all spells.
Casting this spell will place you under penance.
Really cast? [Y]es or [N]o only, please.
Casting this spell will place you under penance.
Really cast? [Y]es or [N]o only, please.
Casting this spell will place you under penance.
Really cast?
Okay, then.
Unknown command.
Casting: Magic Dart (safe; 2% risk of failure)
Confirm with . or Enter, or press ? or * to list all spells.
Aiming: Mephitic Cloud (dangerous; 9% risk of failure)
Press: ? - help, Shift-Dir - straight line, f/p - orc priest
Aim: an orc priest, wielding a +0 war axe and wearing a +0 ring mail (moderately wounded, chance to affect: 86%)
You miscast Mephitic Cloud.
You are very lightly contaminated with residual magic.
Nothing appears to happen.
* * * LOW HITPOINT WARNING * * *
The orc priest misses you.
Casting: Mephitic Cloud (dangerous; 9% risk of failure)
Confirm with . or Enter, or press ? or * to list all spells.
Aiming: Mephitic Cloud (dangerous; 9% risk of failure)
Press: ? - help, Shift-Dir - straight line, f/p - orc priest
Aim: an orc priest, wielding a +0 war axe and wearing a +0 ring mail (moderately wounded, chance to affect: 86%)
You miscast Mephitic Cloud.
Nothing appears to happen.
* * * LOW HITPOINT WARNING * * *
The orc priest invokes the aid of Beogh against you.
Pain shoots through your body!
* * * LOW HITPOINT WARNING * * *
Unknown command.
You aren't carrying any items that you can evoke without wielding.
It was a potion of curing.
You feel better.
The orc priest hits you with a +0 war axe!
You die...

####..## #############
##......#####
#...........#
#...#......<#
#...........#
#...#..>..###
#...........# #...#.##.##
#...........####........#
#...........##.#......###
...).########o###.###....#
...... #.@.........##
..)... #####.####..#
...... #....#..# .o....
####.#.## .... #.#.# #...#
#####


You could see an orc priest.

Vanquished Creatures
  A scorpion (D:4)
  A jelly (D:4)
  2 orc wizards (D:3)
  A hound skeleton (D:4)
  3 adders
  2 dart slugs (D:3)
  11 orcs
  11 ball pythons
  8 endoplasms
  2 goblins
  4 hobgoblins
  3 quokkas (D:1)
  3 bats
  2 frilled lizards (D:2)
  5 kobolds
  6 rats
65 creatures vanquished.

Vanquished Creatures (others)
  6 plants
6 creatures vanquished.

Grand Total: 71 creatures vanquished

Notes
Turn   | Place    | Note
-------+----------+-------------------------------------------
     0 | D:1      | shoop the Djinni Hedge Wizard began the quest for the Orb.
     0 | D:1      | Reached XP level 1. HP: 15/15 MP: 0/0
   491 | D:1      | Reached XP level 2. HP: 11/21 MP: 0/0
   623 | D:1      | Found Erorr's Jewellery Boutique.
  1299 | D:1      | Reached XP level 3. HP: 25/26 MP: 0/0
  1299 | D:1      | Learned a level 1 spell: Summon Small Mammal
  1671 | D:2      | Reached skill level 3 in Spellcasting
  1822 | D:2      | Reached skill level 1 in Fighting
  2043 | D:2      | Found Mirusiys's Magic Scroll Shop.
  2050 | D:2      | Bought a scroll of teleportation for 33 gold pieces
  2220 | D:2      | Reached XP level 4. HP: 9/32 MP: 0/0
  3119 | D:3      | Found a white marble altar of Elyvilon.
  3177 | D:3      | Became a worshipper of Elyvilon the Healer
  3348 | D:3      | Found a faded altar of an unknown god.
  3609 | D:3      | Reached * piety under Elyvilon
  3703 | D:3      | Reached skill level 1 in Short Blades
  3863 | D:3      | Reached XP level 5. HP: 24/37 MP: 0/0
  3863 | D:3      | Learned a level 2 spell: Corpse Rot
  4123 | D:3      | Found a burning altar of Makhleb.
  4217 | D:3      | Found a basalt altar of Yredelemnul.
  4399 | D:4      | Reached ** piety under Elyvilon
  4433 | D:4      | Noticed Menkaure
  4467 | D:4      | Reached skill level 4 in Spellcasting
  4467 | D:4      | Reached XP level 6. HP: 25/42 MP: 0/0
  4599 | D:4      | Reached skill level 1 in Invocations
  4744 | D:4      | HP: 2/42 [orc priest/nerve-wracking pain (2)]
  4745 | D:4      | Slain by an orc priest

Illustrated notes

Levels and vault maps discovered:
D:1:      nicolae_arrival_memento_mori, layout_basic, serial_shops, shop,
          feat_on_display
D:2:      layout_basic, serial_shops, shop, serial_bayou_pond_a
D:3:      layout_loops_corners, kennysheep_ying_yang, lightli_temple_of_fire,
          shapermc_ecumenical_altar_mp_ritualfount, guppyfry_early_lair_pool
D:4:      layout_basic, minmay_temple_entry_proselytizer,
          hangedman_decor_lopped, grunt_ministairs_1, uniq_eustachio,
          uniq_menkaure

Skill      XL: |  1  2  3  4  5  6 |
---------------+-------------------+-----
Stealth        | 2 |  2.0
Spellcasting   | 3 4 |  4.3
Fighting       | 1 |  1.0
Short Blades   | 1 2 |  2.0
Invocations    | 1 |  1.4
Dodging        | |  2.2

Action                   |  1- 3 |  4- 6 || total
-------------------------+-------+-------++-------
Melee: Dagger            |     2 |       ||     2
       Spear             |    24 |       ||    24
       Short sword       |    14 |    34 ||    48
 Cast: Magic Dart        |    71 |    46 ||   117
       Mephitic Cloud    |       |     2 ||     2
  Use: Potion            |       |     1 ||     1
 Stab: Sleeping          |     1 |     2 ||     3
Armor: Robe              |     4 |     6 ||    10
Dodge: Dodged            |    28 |    22 ||    50
